 Dungeon Crawl Stone Soup version 0.26-a0-658-gbdda728c12 (webtiles) character file.

Game seed: 2456596757959940401

578 heikuro the Poker (level 7, 0/55 HPs)
             Began as a Formicid Abyssal Knight on Oct 4, 2020.
             Was a Believer of Lugonu.
             Slain by a mummy (10 damage)
             ... in an ossuary.
             The game lasted 00:12:35 (4757 turns).

heikuro the Poker (Formicid Abyssal Knight)         Turns: 4757, Time: 00:12:35

Health: 0/55       AC: 12    Str: 18    XL:     7   Next: 62%
Magic:  10/10      EV:  7    Int: 12    God:    Lugonu [**....]
Gold:   202        SH:  0    Dex: 10    Spells: 6/6 levels left

rFire    . . .     SeeInvis +   i - +1 spear
rCold    . . .     Faith    .   (no shield)
rNeg     . . .     Spirit   .   e - +0 chain mail
rPois    .         Reflect  .   (helmet unavailable)
rElec    .         Harm     .   r - +0 cloak
rCorr    .         Rampage  .   (no gloves)
MR       .....                  g - +1 pair of boots
Stlth    ..........             (no amulet)
HPRegen  0.18/turn              (no ring)
MPRegen  0.12/turn              q - ring of wizardry

@: no status effects
A: permanent stasis, dig shafts and tunnels, four strong arms, antennae 3
a: Dig, Shaft Self, Depart the Abyss, Bend Space, Renounce Religion


You were in an ossuary.
You worshipped Lugonu.
Lugonu was pleased with you.
You visited 1 branch of the dungeon, and saw 4 of its levels.
You visited the Abyss 1 time.
You also visited: Ossuary.

You collected 202 gold pieces.

Inventory:

Hand Weapons
 a - a +2 dagger of venom
 b - a +0 hunting sling
 i - a +1 spear (weapon)
Missiles
 h - 16 sling bullets
 t - 6 curare-tipped darts (quivered)
 x - 18 poisoned darts
Armour
 e - a +0 chain mail (worn)
 g - a +1 pair of boots (worn)
 r - a +0 cloak (worn)
Jewellery
 q - a ring of wizardry (right hand)
Wands
 d - a wand of random effects (21)
 w - a wand of polymorph (3)
Scrolls
 c - 3 scrolls of remove curse
 f - 3 scrolls of enchant weapon {unknown}
 j - a scroll of amnesia {unknown}
 p - 3 scrolls of identify
 s - 2 scrolls of noise {unknown}
Potions
 m - 3 potions of mutation
 o - 3 potions of curing
 u - a potion of brilliance {unknown}


   Skills:
 + Level 4.8 Fighting
 * Level 5.0 Polearms
 + Level 1.2 Slings
 + Level 4.2 Armour
 - Level 1.0 Dodging
 + Level 4.5 Invocations


You had 6 spell levels left.
You didn't know any spells.
Your spell library was empty.

Dungeon Overview and Level Annotations

Branches:
Dungeon (4/15)            Ossuary (1/1)
 Temple: D:4-7

Altars:
Xom


Innate Abilities, Weirdness & Mutations

You cannot be hasted, slowed, berserked, paralysed or teleported.
You can dig through walls and to a lower floor.
Your four strong arms can wield two-handed weapons with a shield.
You have a pair of large antennae on your head. (SInv)


Message History

The elf zombie barely misses you.
You feel much better. The mummy hits you.
The elf zombie hits you but does no damage.
The mummy hits you!
* * * LOW HITPOINT WARNING * * *
You hit the mummy but do no damage.
The mummy is almost destroyed.
You hit the mummy but do no damage.
The mummy is almost destroyed.
The elf zombie hits you.
* * * LOW HITPOINT WARNING * * *
The mummy hits you but does no damage. The mummy hits you.
* * * LOW HITPOINT WARNING * * *
You barely miss the mummy.
The mummy is almost destroyed.
The elf zombie hits you but does no damage.
You hit the mummy but do no damage.
The mummy is almost destroyed.
The mummy barely misses you. The mummy hits you!
You die...

..............#..#
.................#
.......(.........#
.Z....(...##.....#
..........##.....#
.................#
...............ZZ#
#####........Z####
............ZZ#Z@#
..∩.........ZZZMM#
##################


You could see 2 mummies, a jackal zombie, 2 hobgoblin zombies, a gnoll zombie, a
big kobold zombie, an orc zombie and 3 elf zombies.

Vanquished Creatures
  Sigmund (D:3)
  Purgy (D:3)
  An ogre (D:2)
  Crazy Yiuf (D:2)
  Jessica (D:2)
  Terence (D:2)
  7 adders
  3 worms
  A dart slug (D:1)
  5 leopard geckos
  2 ball pythons (D:1)
  7 bats
  6 giant cockroaches
  2 gnoll zombies (Ossuary)
  20 goblins
  7 hobgoblins
  2 jackals (D:3)
  A quokka (D:3)
  3 frilled lizards
  A goblin zombie (Ossuary)
  A hobgoblin zombie (D:4)
  10 kobolds
  9 rats
93 creatures vanquished.

Notes
Turn   | Place    | Note
-------+----------+-------------------------------------------
     0 | Abyss:1  | heikuro the Formicid Abyssal Knight began the quest for the
                  | Orb.
     0 | Abyss:1  | Reached XP level 1. HP: 18/18 MP: 2/2
   248 | Abyss:1  | Noticed a fire crab
   257 | D:1      | Escaped the Abyss
   320 | D:1      | Reached skill level 1 in Dodging
   332 | D:1      | Reached XP level 2. HP: 23/24 MP: 3/3
   404 | D:1      | Reached * piety under Lugonu
   690 | D:1      | Reached XP level 3. HP: 29/29 MP: 4/4
  1998 | D:2      | Found a shimmering altar of Xom.
  2292 | D:2      | Noticed Terence
  2305 | D:2      | Reached skill level 3 in Polearms
  2305 | D:2      | Reached XP level 4. HP: 27/37 MP: 6/6
  2309 | D:2      | Killed Terence
  2583 | D:2      | Reached XP level 5. HP: 37/42 MP: 7/7
  2700 | D:2      | Noticed an ogre
  2712 | D:2      | Killed an ogre
  2718 | D:2      | Reached XP level 6. HP: 47/48 MP: 8/8
  2987 | D:2      | Reached skill level 4 in Polearms
  3067 | D:2      | Noticed Jessica
  3073 | D:2      | Killed Jessica
  3213 | D:2      | Found a faded altar of an unknown god.
  3436 | D:2      | Found a runed translucent door.
  3437 | D:2      | Noticed Crazy Yiuf
  3458 | D:2      | Killed Crazy Yiuf
  3723 | D:3      | Noticed Purgy
  3745 | D:3      | Killed Purgy
  3745 | D:3      | Reached XP level 7. HP: 27/55 MP: 8/10
  3960 | D:3      | Noticed Sigmund
  3978 | D:3      | Killed Sigmund
  3978 | D:3      | Reached skill level 5 in Polearms
  3978 | D:3      | Reached skill level 1 in Slings
  4549 | D:3      | Reached ** piety under Lugonu
  4659 | D:4      | Found a sand-covered staircase.
  4673 | Ossuary  | Entered an ossuary
  4757 | Ossuary  | Slain by a mummy

Illustrated notes

Levels and vault maps discovered:
D:1:      shiori_arrival_maze, layout_basic
D:2:      layout_loops_ring, chequers_ecumenical_altar_grove, xom_teletrap_fun,
          uniq_crazy_yiuf_cottage, uniq_terence, uniq_jessica
D:3:      layout_basic, uniq_purgy, uniq_sigmund
D:4:      layout_gridville, gammafunk_ghost_necromancy, enter_ossuary_3,
          serial_shops, shop, shop, shop_fountains
Ossuary:  ossuary_minmay_tomb_2a

Skill      XL: |  1  2  3  4  5  6  7 |
---------------+----------------------+-----
Dodging        | 1 |  1.0
Polearms       | 3 4 5 |  5.0
Invocations    | 3 4 |  4.5
Armour         | 3 4 |  4.2
Fighting       | 4 |  4.8
Slings         | 1 |  1.2

Action                   |  1- 3 |  4- 6 |  7- 9 || total
-------------------------+-------+-------+-------++-------
Melee: Spear             |    76 |     2 |    38 ||   116
       Dagger            |    35 |   115 |    55 ||   205
 Fire: Hunting sling     |       |       |    10 ||    10
Throw: Stone             |    28 |    27 |       ||    55
Invok: Depart the Abyss  |     1 |       |       ||     1
       Bend Space        |       |       |     1 ||     1
Evoke: Wand              |       |       |     2 ||     2
  Use: Scroll            |     3 |     2 |     2 ||     7
       Potion            |       |       |     2 ||     2
Armor: Leather armour    |    16 |       |       ||    16
       Scale mail        |       |    61 |    13 ||    74
       Chain mail        |       |       |    90 ||    90
Dodge: Dodged            |    38 |    52 |    70 ||   160

Table legend: (Time is in decaauts)
 A = Elapsed time spent in this place.
 B = Non-inter-level travel time spent in this place.
 C = Inter-level travel time spent in this place.
 D = Time resting spent in this place.
 E = Time spent auto-exploring this place.
 F = Levels seen in this place.
 G = Mean time per level.
                   A        B        C        D        E       F      G
               +--------+--------+--------+--------+--------+-----+--------+
         Total |   4746 |   4645 |    101 |   1581 |   1724 |   6 |  791.0 |
       Dungeon |   4412 |   4311 |    101 |   1581 |   1494 |   4 | 1103.0 |
         Abyss |    257 |    257 |      0 |      0 |    230 |   1 |  257.0 |
       Ossuary |     76 |     76 |      0 |      0 |      0 |   1 |   76.0 |
               +--------+--------+--------+--------+--------+-----+--------+

Top non-repeatable levels by time:
     D:1: 1894 daAuts
     D:2: 1510 daAuts
     D:3: 966 daAuts
 Abyss:1: 257 daAuts
 Ossuary: 76 daAuts
     D:4: 40 daAuts
